TOP OF THE 1ST |
Lee's Summit Tigers batting - Pitching for Plumstead Eagles : RHP Jason MacKnight
|
Pitching: RHP Jason MacKnight
|
|
Batting: LHB Darren Holland
|
0-0: Ball 1-0: Ground out 5-3 (Groundball, 56)
|
Batting: RHB Jesús Ramos
|
0-0: Called Strike 0-1: Ball 1-1: Ball 2-1: Swinging Strike 2-2: Ball 3-2: Base on Balls
|
Batting: RHB César Martínez
|
0-0: Swinging Strike 0-1: Ball 1-1: Ball 2-1: Foul Ball, location: 2F 2-2: Fly out, F9 (Flyball, 9)
|
Batting: SHB Juan Glaviz
|
0-0: Called Strike 0-1: Ball 1-1: Ball 2-1: Foul Ball, location: 2F 2-2: Strikes out swinging
|
Top of the 1st over - 0 run(s), 0 hit(s), 0 error(s), 1 left on base; Lee's Summit 0 - Plumstead 0 |
BOTTOM OF THE 1ST |
Plumstead Eagles batting - Pitching for Lee's Summit Tigers : RHP Josse Teves
|
Pitching: RHP Josse Teves
|
|
Batting: RHB Howard Johnson
|
0-0: Ball 1-0: Ground out 5-3 (Groundball, 56S)
|
Batting: RHB Rob Brady
|
0-0: Ball 1-0: Called Strike 1-1: Swinging Strike 1-2: Ball 2-2: Foul Ball, location: 2F 2-2: Foul Ball, location: 2F 2-2: Foul Ball, location: 2F 2-2: Foul Ball, location: 2F 2-2: Foul Ball, location: 2F 2-2: Ground out 6-3 (Groundball, 6)
|
Batting: RHB Jaime Rodríguez
|
0-0: Ball 1-0: Called Strike 1-1: Foul Ball, location: 2F 1-2: Ball 2-2: Ground out 5-3 (Groundball, 56S)
|
Bottom of the 1st over - 0 run(s), 0 hit(s), 0 error(s), 0 left on base; Lee's Summit 0 - Plumstead 0 |
TOP OF THE 2ND |
Lee's Summit Tigers batting - Pitching for Plumstead Eagles : RHP Jason MacKnight
|
Batting: LHB Dale Miller
|
0-0: Called Strike 0-1: Called Strike 0-2: Ball 1-2: Strikes out swinging
|
Batting: RHB Kyle Baylor
|
0-0: Called Strike 0-1: Ball 1-1: Ball 2-1: Ground out 6-3 (Groundball, 6)
|
Batting: RHB Steve Johnson
|
0-0: Called Strike 0-1: Swinging Strike 0-2: Ball 1-2: Ball 2-2: Strikes out looking
|
Top of the 2nd over - 0 run(s), 0 hit(s), 0 error(s), 0 left on base; Lee's Summit 0 - Plumstead 0 |
BOTTOM OF THE 2ND |
Plumstead Eagles batting - Pitching for Lee's Summit Tigers : RHP Josse Teves
|
Batting: RHB Juan Caceres
|
0-0: Foul Ball, location: 2F 0-1: Ball 1-1: SINGLE (Line Drive, 9S)
|
Batting: RHB Kolomon Meise
|
0-0: Ball 1-0: Called Strike 1-1: Ball 2-1: Foul Ball, location: 2F 2-2: Strikes out swinging
|
Batting: RHB Jeff Townsley
|
0-0: Ball 1-0: Foul Ball, location: 2F 1-1: Swinging Strike 1-2: Ball 2-2: Ball 3-2: Foul Ball, location: 2F 3-2: Strikes out looking
|
Batting: RHB Matt Thompson
|
0-0: Called Strike 0-1: Foul Ball, location: 2F 0-2: Reached on error, E7 (Flyball, 7) Juan Caceres to third
|
Batting: RHB Allen Hobbs
|
0-0: Ball 1-0: Called Strike 1-1: Foul Ball, location: 2F 1-2: Ball 2-2: Strikes out swinging
|
Bottom of the 2nd over - 0 run(s), 1 hit(s), 1 error(s), 2 left on base; Lee's Summit 0 - Plumstead 0 |
TOP OF THE 3RD |
Lee's Summit Tigers batting - Pitching for Plumstead Eagles : RHP Jason MacKnight
|
Batting: RHB Salvador Rodríguez
|
0-0: Ball 1-0: Called Strike 1-1: Swinging Strike 1-2: Strikes out swinging
|
Batting: RHB Hubert MacDonald
|
0-0: Ball 1-0: Swinging Strike 1-1: Swinging Strike 1-2: Strikes out swinging
|
Batting: LHB Darren Holland
|
0-0: Swinging Strike 0-1: Foul Ball, location: 2F 0-2: Ground out 6-3 (Groundball, 6)
|
Top of the 3rd over - 0 run(s), 0 hit(s), 0 error(s), 0 left on base; Lee's Summit 0 - Plumstead 0 |
BOTTOM OF THE 3RD |
Plumstead Eagles batting - Pitching for Lee's Summit Tigers : RHP Josse Teves
|
Batting: LHB Ryan Flynn
|
0-0: Swinging Strike 0-1: Ball 1-1: Called Strike 1-2: Strikes out swinging
|
Batting: RHB Howard Johnson
|
0-0: Swinging Strike 0-1: Swinging Strike 0-2: Foul Ball, location: 2F 0-2: Ball 1-2: Strikes out looking
|
Batting: RHB Rob Brady
|
0-0: Ball 1-0: Foul Ball, location: 2F 1-1: Fly out, F9 (Flyball, 9S)
|
Bottom of the 3rd over - 0 run(s), 0 hit(s), 0 error(s), 0 left on base; Lee's Summit 0 - Plumstead 0 |
TOP OF THE 4TH |
Lee's Summit Tigers batting - Pitching for Plumstead Eagles : RHP Jason MacKnight
|
Batting: RHB Jesús Ramos
|
0-0: DOUBLE (Groundball, 3L)
|
Batting: RHB César Martínez
|
0-0: Called Strike 0-1: Foul Ball, location: 2F 0-2: Ball 1-2: Strikes out swinging
|
Batting: SHB Juan Glaviz
|
0-0: Called Strike 0-1: Ground out U3 (Groundball, 3) Jesús Ramos to third
|
Batting: LHB Dale Miller
|
0-0: Ball 1-0: Called Strike 1-1: Foul Ball, location: 2F 1-2: Ball 2-2: Foul Ball, location: 2F 2-2: Ball 3-2: Ground out 6-3 (Groundball, 6)
|
Top of the 4th over - 0 run(s), 1 hit(s), 0 error(s), 1 left on base; Lee's Summit 0 - Plumstead 0 |
BOTTOM OF THE 4TH |
Plumstead Eagles batting - Pitching for Lee's Summit Tigers : RHP Josse Teves
|
Batting: RHB Jaime Rodríguez
|
0-0: Ball 1-0: Ball 2-0: Ball 3-0: Called Strike 3-1: Base on Balls
|
Batting: RHB Juan Caceres
|
0-0: Ball 1-0: Ball 2-0: Swinging Strike 2-1: Ball 3-1: Base on Balls Jaime Rodríguez to second
|
Batting: RHB Kolomon Meise
|
0-0: Called Strike 0-1: Ball 1-1: Ball 2-1: Foul Ball, location: 2F 2-2: Ball 3-2: SINGLE (Line Drive, 56D) Jaime Rodríguez to third Juan Caceres to second
|
Batting: RHB Jeff Townsley
|
0-0: Swinging Strike 0-1: Called Strike 0-2: Foul Ball, location: 2F 0-2: Ball 1-2: Ball 2-2: Ball 3-2: Fly out, F9 (Line Drive, 9) Runner from 3rd tags up, OUT at HOME Juan Caceres to third Kolomon Meise to second
|
Pitching: RHP Héctor Bernard
|
|
Batting: RHB Matt Thompson
|
0-0: Foul Ball, location: 2F 0-1: Ball 1-1: Ball 2-1: Called Strike 2-2: Ball 3-2: Fly out, F9 (Flyball, 9)
|
Bottom of the 4th over - 0 run(s), 1 hit(s), 0 error(s), 2 left on base; Lee's Summit 0 - Plumstead 0 |
TOP OF THE 5TH |
Lee's Summit Tigers batting - Pitching for Plumstead Eagles : RHP Jason MacKnight
|
Batting: RHB Kyle Baylor
|
0-0: Foul Ball, location: 2F 0-1: Called Strike 0-2: Ground out 4-3 (Groundball, 34D)
|
Batting: RHB Steve Johnson
|
0-0: Foul Ball, location: 2F 0-1: Ball 1-1: Swinging Strike 1-2: Ground out 4-3 (Groundball, 34)
|
Batting: RHB Salvador Rodríguez
|
0-0: Called Strike 0-1: Foul Ball, location: 2F 0-2: Ground out 5-3 (Groundball, 56S)
|
Top of the 5th over - 0 run(s), 0 hit(s), 0 error(s), 0 left on base; Lee's Summit 0 - Plumstead 0 |
BOTTOM OF THE 5TH |
Plumstead Eagles batting - Pitching for Lee's Summit Tigers : RHP Héctor Bernard
|
Batting: RHB Allen Hobbs
|
0-0: Ball 1-0: Called Strike 1-1: Foul Ball, location: 2F 1-2: Ground out 6-3 (Groundball, 6)
|
Batting: LHB Ryan Flynn
|
0-0: Ball 1-0: Called Strike 1-1: Foul Ball, location: 2F 1-2: Strikes out swinging
|
Batting: RHB Howard Johnson
|
0-0: Ball 1-0: Foul Ball, location: 2F 1-1: Foul Ball, location: 2F 1-2: Ball 2-2: Strikes out swinging
|
Bottom of the 5th over - 0 run(s), 0 hit(s), 0 error(s), 0 left on base; Lee's Summit 0 - Plumstead 0 |
TOP OF THE 6TH |
Lee's Summit Tigers batting - Pitching for Plumstead Eagles : RHP Jason MacKnight
|
Batting: RHB Hubert MacDonald
|
0-0: Called Strike 0-1: Ball 1-1: SINGLE (Groundball, 34D)
|
Batting: LHB Darren Holland
|
0-0: Called Strike 0-1: Ball 1-1: Ball 2-1: Ball 3-1: Foul Ball, location: 2F 3-2: Base on Balls Hubert MacDonald to second
|
Batting: RHB Jesús Ramos
|
0-0: Called Strike 0-1: Grounds into double play, 6-4-3 (Groundball, 6) Hubert MacDonald to third
|
Batting: RHB César Martínez
|
0-0: Ball 1-0: Fly out, F9 (Flyball, 9)
|
Top of the 6th over - 0 run(s), 1 hit(s), 0 error(s), 1 left on base; Lee's Summit 0 - Plumstead 0 |
BOTTOM OF THE 6TH |
Plumstead Eagles batting - Pitching for Lee's Summit Tigers : RHP Héctor Bernard
|
Batting: RHB Rob Brady
|
0-0: Ball 1-0: Foul Ball, location: 2F 1-1: Ball 2-1: SINGLE (Line Drive, 56D)
|
Batting: RHB Jaime Rodríguez
|
0-0: Called Strike 0-1: Foul Ball, location: 2F 0-2: Ball 1-2: Ball 2-2: Strikes out looking
|
Batting: RHB Juan Caceres
|
0-0: Ball 1-0: Called Strike 1-1: Called Strike 1-2: Ball 2-2: Foul Ball, location: 2F 2-2: Ball 3-2: Strikes out looking
|
Batting: RHB Kolomon Meise
|
0-0: Ball 1-0: Ball 2-0: Called Strike 2-1: Called Strike 2-2: Ball 3-2: Base on Balls Rob Brady to second
|
Batting: RHB Jeff Townsley
|
0-0: Swinging Strike 0-1: Called Strike 0-2: Strikes out swinging
|
Bottom of the 6th over - 0 run(s), 1 hit(s), 0 error(s), 2 left on base; Lee's Summit 0 - Plumstead 0 |
TOP OF THE 7TH |
Lee's Summit Tigers batting - Pitching for Plumstead Eagles : RHP Jason MacKnight
|
Batting: SHB Juan Glaviz
|
0-0: Called Strike 0-1: Ball 1-1: Foul Ball, location: 2F 1-2: Foul Ball, location: 2F 1-2: Ball 2-2: Ball 3-2: Ground out 6-3 (Groundball, 6)
|
Pitching: LHP Jorge Torres
|
|
Batting: LHB Dale Miller
|
0-0: Called Strike 0-1: Ball 1-1: Ball 2-1: Swinging Strike 2-2: Strikes out swinging
|
Pinch Hitting: RHB Ralph Lambert
|
0-0: Called Strike 0-1: Foul Ball, location: 2F 0-2: Ball 1-2: Strikes out looking
|
Top of the 7th over - 0 run(s), 0 hit(s), 0 error(s), 0 left on base; Lee's Summit 0 - Plumstead 0 |
BOTTOM OF THE 7TH |
Plumstead Eagles batting - Pitching for Lee's Summit Tigers : RHP Héctor Bernard
|
Now in RF: Milo Powers
|
|
Pinch Hitting: LHB Dennis McConnell
|
0-0: Ball 1-0: Ball 2-0: Foul Ball, location: 2F 2-1: Called Strike 2-2: Ball 3-2: Base on Balls
|
Pitching: RHP António Cruz
|
|
Batting: RHB Allen Hobbs
|
0-0: Sac Bunt - play at first, batter OUT! 1-4 Dennis McConnell to second
|
Pinch Hitting: RHB José Ortega
|
0-0: Intentional Walk
|
Pinch Hitting: LHB Arturo Álvarez
|
0-0: Ball Dennis McConnell steals 3rd base José Ortega to second 1-0: Ball 2-0: 3-RUN HOME RUN (Flyball, 9D), Distance : 366 ft
|
Pitching: LHP Dave McCoy
|
|
Batting: RHB Rob Brady
|
0-0: Swinging Strike 0-1: Foul Ball, location: 2F 0-2: Strikes out swinging
|
Batting: RHB Jaime Rodríguez
|
0-0: Ball 1-0: Swinging Strike 1-1: Called Strike 1-2: Strikes out swinging
|
Bottom of the 7th over - 3 run(s), 1 hit(s), 0 error(s), 0 left on base; Lee's Summit 0 - Plumstead 3 |
TOP OF THE 8TH |
Lee's Summit Tigers batting - Pitching for Plumstead Eagles : LHP Jorge Torres
|
Now in LF: Roberto Rodríguez
|
|
Now in CF: Arturo Álvarez
|
|
Now in RF: Rubén Martínez
|
|
Batting: RHB Steve Johnson
|
0-0: Called Strike 0-1: Foul Ball, location: 2F 0-2: Strikes out swinging
|
Batting: RHB Salvador Rodríguez
|
0-0: Ball 1-0: Ball 2-0: SINGLE (Groundball, 6MD)
|
Pitching: LHP Pat Bruce
|
|
Batting: RHB Hubert MacDonald
|
0-0: Ball 1-0: Called Strike 1-1: Swinging Strike 1-2: Strikes out swinging
|
Batting: LHB Darren Holland
|
0-0: Ball 1-0: SINGLE (Groundball, 4) (infield hit) Salvador Rodríguez to second
|
Batting: RHB Jesús Ramos
|
0-0: Ball 1-0: Swinging Strike 1-1: Ball 2-1: Foul Ball, location: 2F 2-2: Ground out 5-3 (Groundball, 56S)
|
Top of the 8th over - 0 run(s), 2 hit(s), 0 error(s), 2 left on base; Lee's Summit 0 - Plumstead 3 |
BOTTOM OF THE 8TH |
Plumstead Eagles batting - Pitching for Lee's Summit Tigers : LHP Dave McCoy
|
Batting: RHB Juan Caceres
|
0-0: Called Strike 0-1: Ball 1-1: Called Strike 1-2: Ball 2-2: Fly out, F4 (Popup, 4S)
|
Batting: RHB Kolomon Meise
|
0-0: Ball 1-0: Ball 2-0: Ball 3-0: Base on Balls
|
Batting: RHB Jeff Townsley
|
0-0: Called Strike 0-1: Foul Ball, location: 2F 0-2: Foul Ball, location: 2F 0-2: Strikes out looking
|
Batting: LHB Roberto Rodríguez
|
0-0: Hit by Pitch Kolomon Meise to second
|
Batting: RHB Allen Hobbs
|
0-0: Fly out, F9 (Flyball, 9S)
|
Bottom of the 8th over - 0 run(s), 0 hit(s), 0 error(s), 2 left on base; Lee's Summit 0 - Plumstead 3 |
TOP OF THE 9TH |
Lee's Summit Tigers batting - Pitching for Plumstead Eagles : LHP Pat Bruce
|
Pitching: RHP Jesús Manuel
|
|
Batting: RHB César Martínez
|
0-0: Called Strike 0-1: Foul Ball, location: 2F 0-2: Ball 1-2: Foul Ball, location: 2F 1-2: SINGLE (Groundball, 56D)
|
Batting: SHB Juan Glaviz
|
0-0: Swinging Strike 0-1: SINGLE (Groundball, 3D) César Martínez to second
|
Batting: LHB Dale Miller
|
0-0: Ball 1-0: Ball 2-0: Called Strike 2-1: Grounds into double play, 6-4-3 (Groundball, 6) César Martínez to third
|
Batting: LHB Milo Powers
|
0-0: Foul Ball, location: 2F 0-1: Ball 1-1: Foul Ball, location: 2F 1-2: Fly out, F3 (Line Drive, 3)
|
Top of the 9th over - 0 run(s), 2 hit(s), 0 error(s), 1 left on base; Lee's Summit 0 - Plumstead 3 |
|